General information
- name: BNet
- type: Ladder team game (AT/RT)
- host: Battle.net
- saver:
map: Slalom
- players: 8
- length: 20:22
- speed: Fast
- version: 1.26 W3XP
- replay type: Public
» download(127 KB)
Players
team 1 (winner)

»
tape (
pink | 61 APM | 1244 actions | 20:22)
4 Tauren Chieftain
2 War Stomp
2 Endurance Aura
4 Far Seer
2 Feral Spirit
2 Chain Lighting
» actions
| Assign group hotkey | 16 | |
| Basic commands | 17 | |
| Build / train | 60 | |
| Enter build submenu | 20 | |
| Enter hero's abilities submenu | 8 | |
| Right click | 519 | |
| Select / deselect | 240 | |
| Select group hotkey | 313 | |
| Use ability | 51 | |
1244 total
» units
» upgrades
| Ranged Weapons | 3 | |
| Armor | 2 | |
| Troll Regeneration | 1 | |
| Reinforced Defenses | 1 | |
| Liquid Fire | 1 | |
8 total
» buildings
| Orc Burrow | 5 | |
| Altar of Storms | 1 | |
| Stronghold | 1 | |
| Voodoo Lounge | 1 | |
| War Mill | 1 | |
| Barracks | 1 | |
| Beastiary | 4 | |
| Fortress | 1 | |
| Great Hall | 1 | |
| Watch Tower | 5 | |
21 total
» build order
00:19 Orc Burrow
00:59 Altar of Storms
02:41 Stronghold
02:48 Voodoo Lounge
03:03 Orc Burrow
03:08 War Mill
03:14 Orc Burrow
03:23 Barracks
05:09 Beastiary
05:13 Beastiary
05:20 Beastiary
05:49 Fortress
06:27 Beastiary
06:32 Great Hall
07:27 Orc Burrow
11:33 Orc Burrow
15:17 Watch Tower
15:18 Watch Tower
15:19 Watch Tower
15:33 Watch Tower
15:35 Watch Tower
» items
| Healing Salve | 1 | |
| Lesser Clarity Potion | 1 | |
| Scroll of Town Portal | 1 | |
| Periapt of Vitality | 1 | |
| Potion of Lesser Invulnerability | 1 | |
5 total

»
RuOFFENDEDyet (
red | 37 APM | 761 actions | 20:22)
6 Blademaster
3 Critical Strike
2 Wind Walk
1 Bladestorm
4 Shadow Hunter
2 Healing Wave
2 Hex
3 Far Seer
2 Chain Lighting
1 Far Sight
» actions
| Basic commands | 5 | |
| Build / train | 83 | |
| Enter build submenu | 17 | |
| Enter hero's abilities submenu | 13 | |
| Give item / drop item | 2 | |
| Remove unit from queue | 2 | |
| Right click | 425 | |
| Select / deselect | 162 | |
| Use ability | 52 | |
761 total
» units
| Peon | 15 | |
| Grunt | 11 | |
| Kodo Beast | 5 | |
| Raider | 7 | |
| Demolisher | 4 | |
| Shaman | 7 | |
| Tauren | 2 | |
51 total
» upgrades
| Pillage | 1 | |
| Berserker Strength | 1 | |
| Shaman Training | 2 | |
| Ensnare | 1 | |
| Melee Weapons | 1 | |
| Armor | 1 | |
| Burning Oil | 1 | |
| War Drums Damage Increase | 1 | |
| Pulverize | 1 | |
10 total
» buildings
| Orc Burrow | 8 | |
| Altar of Storms | 1 | |
| Barracks | 1 | |
| Voodoo Lounge | 2 | |
| War Mill | 1 | |
| Stronghold | 1 | |
| Great Hall | 2 | |
| Spirit Lodge | 1 | |
| Beastiary | 1 | |
| Fortress | 1 | |
| Tauren Totem | 1 | |
20 total
» build order
00:33 Orc Burrow
00:54 Altar of Storms
01:05 Barracks
01:22 Voodoo Lounge
02:11 War Mill
02:44 Orc Burrow
03:30 Orc Burrow
03:41 Orc Burrow
05:05 Stronghold
05:17 Voodoo Lounge
06:16 Great Hall
06:36 Orc Burrow
07:35 Spirit Lodge
07:41 Beastiary
09:38 Fortress
11:39 Orc Burrow
11:39 Orc Burrow
11:39 Orc Burrow
12:28 Tauren Totem
17:57 Great Hall
» items
| Healing Salve | 1 | |
| Orb of Lightning | 1 | |
2 total
chuckyb73 (
blue | 21 APM | 425 actions | 20:22)
5 Demon Hunter
3 Immolation
2 Evasion
4 Priestess of the Moon
2 Searing Arrows
2 Trueshot Aura
» actions
| Build / train | 57 | |
| Enter build submenu | 16 | |
| Enter hero's abilities submenu | 9 | |
| Remove unit from queue | 4 | |
| Right click | 145 | |
| Select / deselect | 163 | |
| Use ability | 31 | |
425 total
» units
» upgrades
| Moon Armor | 3 | |
| Strength of the Moon | 3 | |
| Improved Bows | 1 | |
| Upgrade Moon Glaive | 1 | |
| Marksmanship | 1 | |
| Well Spring | 1 | |
| Ultravision | 1 | |
11 total
» buildings
| Altar of Elders | 1 | |
| Moon Well | 9 | |
| Ancient of War | 2 | |
| Hunter's Hall | 1 | |
| Tree of Ages | 1 | |
| Tree of Eternity | 1 | |
| Ancient of Wonders | 1 | |
16 total
» build order
00:10 Altar of Elders
00:20 Moon Well
01:08 Ancient of War
01:21 Moon Well
02:01 Ancient of War
02:24 Moon Well
03:23 Hunter's Hall
05:03 Tree of Ages
05:13 Moon Well
06:17 Moon Well
08:16 Moon Well
09:23 Moon Well
09:49 Tree of Eternity
11:14 Moon Well
12:21 Moon Well
13:22 Ancient of Wonders
» items
| Scroll of Town Portal | 1 | |
| Potion of Healing | 2 | |
3 total

»
boulbal (
orange | 13 APM | 265 actions | 20:22)
4 Death Knight
2 Death Coil
2 Unholy Aura
1 Dark Ranger
1 Black Arrow
» actions
| Build / train | 29 | |
| Enter build submenu | 17 | |
| Enter hero's abilities submenu | 5 | |
| Right click | 97 | |
| Select / deselect | 87 | |
| Use ability | 29 | |
265 total
» units
| Acolyte | 2 | |
| Ghoul | 4 | |
| Frost Wyrm | 6 | |
12 total
» upgrades
| Creature Attack | 1 | |
| Freezing Breath | 1 | |
| Creature Carapace | 1 | |
3 total
» buildings
| Ziggurat | 7 | |
| Altar of Darkness | 1 | |
| Crypt | 1 | |
| Halls of the Dead | 1 | |
| Graveyard | 1 | |
| Tomb of Relics | 1 | |
| Black Citadel | 1 | |
| Sacrificial Pit | 1 | |
| Boneyard | 4 | |
18 total
» build order
02:20 Ziggurat
02:26 Altar of Darkness
02:29 Crypt
05:02 Halls of the Dead
05:15 Graveyard
05:21 Ziggurat
05:27 Ziggurat
06:43 Tomb of Relics
07:26 Black Citadel
07:34 Sacrificial Pit
13:12 Boneyard
13:18 Boneyard
13:28 Boneyard
13:32 Boneyard
15:23 Ziggurat
15:25 Ziggurat
15:28 Ziggurat
15:43 Ziggurat
» items
| Potion of Healing | 2 | |
| Orb of Corruption | 1 | |
| Scroll of Town Portal | 1 | |
| Scroll of Healing | 1 | |
5 total
team 2 (loser)

»
Kum_2_Soon (
purple | 52 APM | 1025 actions | 19:33)
5 Goblin Tinker
2 Pocket Factory
3 Engineering Upgrade
3 Tauren Chieftain
2 Endurance Aura
1 War Stomp
» actions
| Assign group hotkey | 16 | |
| Build / train | 86 | |
| Enter build submenu | 27 | |
| Enter hero's abilities submenu | 8 | |
| Right click | 303 | |
| Select / deselect | 244 | |
| Select group hotkey | 264 | |
| Use ability | 76 | |
1025 total
» units
| Peon | 29 | |
| Grunt | 2 | |
| Troll Witch Doctor | 2 | |
| Shaman | 4 | |
| Wind Rider | 7 | |
| Raider | 4 | |
| Troll Batrider | 6 | |
54 total
» upgrades
| Armor | 2 | |
| Melee Weapons | 1 | |
| Shaman Training | 2 | |
| Witch Doctor Training | 2 | |
| Ensnare | 1 | |
| Ranged Weapons | 1 | |
| Envenomed Spears | 1 | |
| Liquid Fire | 1 | |
11 total
» buildings
| Orc Burrow | 6 | |
| War Mill | 1 | |
| Altar of Storms | 1 | |
| Barracks | 1 | |
| Voodoo Lounge | 1 | |
| Great Hall | 1 | |
| Watch Tower | 9 | |
| Stronghold | 1 | |
| Spirit Lodge | 2 | |
| Beastiary | 4 | |
| Fortress | 1 | |
28 total
» build order
00:09 Orc Burrow
00:40 War Mill
01:11 Altar of Storms
01:44 Barracks
02:15 Voodoo Lounge
02:21 Orc Burrow
03:06 Orc Burrow
04:16 Great Hall
04:27 Watch Tower
05:03 Stronghold
05:32 Watch Tower
06:43 Watch Tower
07:47 Watch Tower
08:11 Spirit Lodge
08:13 Spirit Lodge
08:52 Beastiary
09:18 Beastiary
10:22 Fortress
10:40 Watch Tower
11:21 Orc Burrow
11:22 Orc Burrow
11:42 Watch Tower
11:45 Watch Tower
12:29 Orc Burrow
13:19 Watch Tower
18:47 Beastiary
18:49 Beastiary
19:08 Watch Tower
» items
| Healing Salve | 2 | |
| Boots of Speed | 1 | |
| Lesser Clarity Potion | 1 | |
| Potion of Lesser Invulnerability | 1 | |
| Scroll of Town Portal | 2 | |
| Orb of Lightning | 1 | |
| Scroll of Regeneration | 1 | |
9 total
Tommy_Wiseau (
green | 62 APM | 1268 actions | 20:22)
3 Goblin Alchemist
2 Acid Bomb
1 Chemical Rage
2 Archmage
1 Blizzard
1 Brilliance Aura
1 Goblin Tinker
1 Pocket Factory
» actions
| Assign group hotkey | 25 | |
| Basic commands | 90 | |
| Build / train | 73 | |
| ESC pressed | 11 | |
| Enter build submenu | 25 | |
| Enter hero's abilities submenu | 8 | |
| Give item / drop item | 2 | |
| Right click | 315 | |
| Select / deselect | 415 | |
| Select group hotkey | 225 | |
| Use ability | 79 | |
1268 total
» units
| Peasant | 14 | |
| Footman | 5 | |
| Rifleman | 6 | |
| Mortar Team | 5 | |
30 total
» upgrades
| Gunpowder | 3 | |
| Long Rifles | 1 | |
| Flare | 1 | |
| Armor | 2 | |
| Fragmentation Shards | 1 | |
| Lumber Harvesting | 1 | |
| Masonry | 1 | |
10 total
» buildings
| Altar of Kings | 1 | |
| Barracks | 2 | |
| Farm | 8 | |
| Lumber Mill | 1 | |
| Blacksmith | 1 | |
| Arcane Vault | 1 | |
| Keep | 1 | |
| Workshop | 2 | |
| Castle | 1 | |
| Town Hall | 1 | |
| Guard Tower | 6 | |
| Scout Tower | 5 | |
30 total
» build order
00:12 Altar of Kings
00:18 Barracks
00:32 Farm
02:38 Farm
02:41 Farm
02:45 Farm
03:22 Farm
03:25 Lumber Mill
04:27 Blacksmith
04:30 Arcane Vault
05:06 Keep
05:52 Barracks
07:06 Farm
08:08 Farm
08:12 Farm
08:44 Workshop
08:48 Workshop
09:22 Castle
10:52 Town Hall
12:02 Guard Tower
12:03 Guard Tower
12:37 Guard Tower
17:04 Scout Tower
17:05 Scout Tower
17:08 Scout Tower
17:32 Guard Tower
17:33 Guard Tower
17:36 Guard Tower
18:21 Scout Tower
18:23 Scout Tower
» items
| Healing Salve | 1 | |
| Scroll of Town Portal | 1 | |
| Potion of Healing | 3 | |
| Ivory Tower | 8 | |
| Lesser Clarity Potion | 1 | |
| Orb of Fire | 1 | |
| Staff of Sanctuary | 1 | |
16 total

»
givemegames (
teal | 76 APM | 1548 actions | 20:22)
3 Archmage
1 Summon Water Elemental
2 Brilliance Aura
1 Paladin
1 Holy Light
» actions
| Assign group hotkey | 13 | |
| Basic commands | 26 | |
| Build / train | 85 | |
| Enter build submenu | 28 | |
| Enter hero's abilities submenu | 4 | |
| Give item / drop item | 2 | |
| Remove unit from queue | 1 | |
| Right click | 664 | |
| Select / deselect | 481 | |
| Select group hotkey | 164 | |
| Use ability | 80 | |
1548 total
» units
| Peasant | 15 | |
| Footman | 8 | |
| Siege Engine | 6 | |
29 total
» upgrades
| Defend | 1 | |
| Masonry | 3 | |
| Lumber Harvesting | 2 | |
| Gunpowder | 3 | |
| Plating | 2 | |
| Barrage | 1 | |
12 total
» buildings
| Altar of Kings | 1 | |
| Farm | 9 | |
| Barracks | 1 | |
| Lumber Mill | 2 | |
| Scout Tower | 8 | |
| Arcane Vault | 2 | |
| Arcane Tower | 5 | |
| Town Hall | 1 | |
| Keep | 1 | |
| Guard Tower | 4 | |
| Blacksmith | 1 | |
| Workshop | 3 | |
| Castle | 1 | |
39 total
» build order
00:06 Altar of Kings
00:09 Farm
00:51 Barracks
01:37 Farm
01:44 Lumber Mill
02:18 Farm
02:19 Scout Tower
02:30 Arcane Vault
03:36 Arcane Tower
04:29 Town Hall
04:32 Scout Tower
04:33 Scout Tower
04:48 Arcane Vault
04:57 Keep
05:03 Arcane Tower
05:06 Scout Tower
06:09 Guard Tower
06:17 Blacksmith
06:56 Farm
06:58 Farm
08:21 Workshop
08:23 Workshop
08:25 Workshop
09:13 Arcane Tower
09:51 Arcane Tower
09:52 Arcane Tower
11:12 Castle
11:48 Scout Tower
11:51 Scout Tower
12:24 Guard Tower
12:25 Guard Tower
12:27 Scout Tower
12:28 Scout Tower
14:37 Guard Tower
17:45 Farm
17:46 Farm
17:47 Farm
17:49 Farm
17:51 Lumber Mill
» items
| Scroll of Regeneration | 6 | |
| Lesser Clarity Potion | 4 | |
| Scroll of Town Portal | 5 | |
| Potion of Healing | 5 | |
| Ivory Tower | 4 | |
| Orb of Fire | 1 | |
| Potion of Mana | 1 | |
26 total
ChrisSuxSoHard (
yellow | 21 APM | 402 actions | 19:26)
3 Death Knight
2 Death Coil
1 Unholy Aura
» actions
| Assign group hotkey | 13 | |
| Basic commands | 24 | |
| Build / train | 51 | |
| ESC pressed | 6 | |
| Enter build submenu | 17 | |
| Enter hero's abilities submenu | 3 | |
| Right click | 20 | |
| Select / deselect | 158 | |
| Select group hotkey | 65 | |
| Use ability | 45 | |
402 total
» units
| Acolyte | 9 | |
| Ghoul | 4 | |
| Necromancer | 17 | |
| Obsidian Statue | 5 | |
35 total
» upgrades
| Unholy Strength | 1 | |
| Unholy Armor | 2 | |
| Necromancer Training | 2 | |
| Skeletal Longevity | 1 | |
| Skeletal Mastery | 1 | |
| Destroyer Form | 1 | |
8 total
» buildings
| Altar of Darkness | 1 | |
| Ziggurat | 6 | |
| Crypt | 1 | |
| Graveyard | 1 | |
| Halls of the Dead | 1 | |
| Tomb of Relics | 1 | |
| Black Citadel | 1 | |
| Temple of the Damned | 2 | |
| Slaughterhouse | 1 | |
| Sacrificial Pit | 1 | |
| Spirit Tower | 1 | |
| Necropolis | 1 | |
18 total
» build order
00:07 Altar of Darkness
00:15 Ziggurat
00:29 Crypt
01:24 Graveyard
02:19 Ziggurat
03:02 Halls of the Dead
03:19 Ziggurat
03:33 Tomb of Relics
04:07 Ziggurat
04:12 Ziggurat
05:13 Ziggurat
05:24 Black Citadel
05:35 Temple of the Damned
05:48 Temple of the Damned
09:41 Slaughterhouse
16:06 Sacrificial Pit
17:22 Spirit Tower
18:08 Necropolis
» items
Chat log
(00:05 / All) Kum_2_Soon: hey
(00:12 / Allies) ChrisSuxSoHard: what up
(00:17 / Allies) givemegames: im making like 30 tanks
(00:20 / Allies) Tommy_Wiseau: cool
(00:24 / Allies) Kum_2_Soon: make a base here
(00:30 / Allies) Kum_2_Soon: for faster transport
(00:31 / Allies) givemegames: ok
(01:07 / All) givemegames: gl
(01:17 / All) Kum_2_Soon: ty gl
(01:24 / Allies) givemegames: that was me
(01:26 / Allies) givemegames: lol
(01:31 / Allies) Kum_2_Soon: i know
(01:32 / Allies) Kum_2_Soon: lol
(01:54 / Allies) Tommy_Wiseau: purp can i have ctrl
(01:56 / Allies) Tommy_Wiseau: for hero
(02:28 / Allies) Tommy_Wiseau: thanks
(02:32 / Allies) Kum_2_Soon: np
(06:14 / Allies) ChrisSuxSoHard: purp.. why so slow
(06:19 / Allies) Kum_2_Soon: ?
(06:28 / Allies) ChrisSuxSoHard: where is units?
(06:41 / Allies) Tommy_Wiseau: he has an expo
(09:01 / All) tape: so much agility!1
(09:04 / All) RuOFFENDEDyet: lol
(09:10 / All) Kum_2_Soon: lol
(09:18 / All) RuOFFENDEDyet: i do have bunches
(10:01 / Allies) givemegames: nobody is getting mana from mid lol
(10:16 / Allies) Kum_2_Soon: expo
(11:34 / Allies) Tommy_Wiseau: more towers please
(11:34 / Allies) Kum_2_Soon: hit ?
(11:38 / Allies) Tommy_Wiseau: they're hitting
(11:39 / All) givemegames: love fighting 1v4 and losing nothing ahahaha
(12:08 / Allies) givemegames: cancel those
(12:08 / Allies) Tommy_Wiseau: nice surround yellow
(12:10 / Allies) givemegames: you retard
(12:12 / Allies) Tommy_Wiseau: why
(12:13 / Allies) givemegames: you blocking my shop
(12:27 / Allies) Tommy_Wiseau: that one
(12:29 / Allies) Tommy_Wiseau: wasn't blockign
(12:34 / Allies) Tommy_Wiseau: the other one was but not that one
(12:41 / Allies) givemegames: yeh i need fast access
(12:45 / Allies) givemegames: dont wanna run around it
(12:48 / Allies) Tommy_Wiseau: and that last tower wasn't blocking it
(13:05 / Allies) givemegames: put towers there
(13:26 / Allies) Tommy_Wiseau: i was just trying to make your expo more defended since you didn't want to use your four thousand gold to do it
(14:06 / Allies) Tommy_Wiseau: good job with those tps
(16:05 / Allies) Tommy_Wiseau: b
(16:10 / Allies) givemegames: green fight!
(16:14 / Allies) givemegames: weak ass hunts
(16:16 / Allies) givemegames: rifles own them
(16:16 / Allies) Tommy_Wiseau: we weren't winning
(16:38 / Allies) ChrisSuxSoHard: out
(16:40 / Allies) Kum_2_Soon: bacik
(16:41 / Allies) Kum_2_Soon: back
(16:48 / Allies) Tommy_Wiseau: todl you
(17:03 / Allies) Kum_2_Soon: tanks
(17:05 / Allies) givemegames: dont be such a pussy lol
(17:07 / All) Kum_2_Soon: thanks yellow
(17:14 / All) Kum_2_Soon: was great
(17:19 / Allies) Tommy_Wiseau: if not wanting to suicide makes me a pussy then I guess so
(17:31 / Allies) givemegames: upgrading barrage
(18:11 / Allies) Tommy_Wiseau: be prepared
(18:22 / Allies) ChrisSuxSoHard: someone fuckin help
(19:22 / Allies) Tommy_Wiseau: what are you idiots doign
(19:31 / All) givemegames: wow these guys suck shit
(19:32 / All) Kum_2_Soon: fuck yellow
(19:41 / All) Tommy_Wiseau: bah
(19:44 / All) Tommy_Wiseau: gg
(20:14 / Allies) givemegames: make some fucking taurens
(20:20 / All) Tommy_Wiseau: bye